 Dungeon Crawl Stone Soup version 0.20.1-1-g8b1a95d (webtiles) character file.

1922219 Toogi the Conqueror (level 27, 171/273 HPs)
             Began as a Grey Draconian Berserker on July 7, 2017.
             Was a High Priest of Trog.
             Escaped with the Orb
             ... and 4 runes on July 8, 2017!
             The game lasted 06:32:29 (111735 turns).

Toogi the Conqueror (Grey Draconian Berserker)    Turns: 111735, Time: 06:32:29

Health: 171/273    AC: 30    Str: 24    XL:     27
Magic:  33/33      EV: 32    Int:  8    God:    Trog [*****.]
Gold:   5815       SH: 40    Dex: 24    Spells: 26/26 levels left

rFire    + + +     SeeInvis +   c - +9 double sword (holy)
rCold    . . .     Gourm    .   X - +10 large shield of Ignorance {rN+ Int-4}
rNeg     + + .     Faith    .   (armour unavailable)
rPois    +         Spirit   .   B - +2 hat
rElec    +         Reflect  +   M - +2 cloak {MR+}
rCorr    .         Harm     .   N - +3 pair of gauntlets of War {Slay+5}
MR       +++..                  V - +2 pair of boots {Fly}
Stlth    +.........             m - +3 amulet of reflection
Regen    1.0/turn               D - ring of Afattism {rF+ rN+ Str+4 Dex+3 Slay-4}
MPRegen  0.3/turn               l - ring "Jooz" {rElec rPois EV+1 Int+4 SInv}

@: no status effects
A: walk through water, unfitting armour, see invisible, fire resistance 2,
regeneration 1, weak 1, unbreathing, no potion heal 1, cold-blooded, MP-powered
wands, AC +18
0: Orb of Zot
}: 4/15 runes: serpentine, barnacled, slimy, silver
a: Berserk, Trog's Hand, Brothers in Arms, Burn Spellbooks, Renounce Religion,
Evoke Flight


You escaped.
You worshipped Trog.
Trog was extremely pleased with you.
You were not hungry.

You visited 11 branches of the dungeon, and saw 55 of its levels.
You visited the Abyss 5 times.
You also visited: Labyrinth and Desolation.

You collected 8137 gold pieces.
You spent 2322 gold pieces at shops.

Inventory:

Hand Weapons
 a - the +3 sling "Punk" {acid, rCorr}
   (You bought it in a shop on level 7 of the Dungeon)

   It protects you from acid and corrosion.
 c - a +9 double sword of holy wrath (weapon)
 G - a +9 antimagic demon blade
Missiles
 k - 1298 stones
 F - 11 throwing nets
 K - 527 sling bullets
 O - 24 silver javelins
 U - 34 javelins of returning (quivered)
 W - 40 javelins of penetration
Armour
 B - a +2 hat (worn)
 M - a +2 cloak of magic resistance (worn)
 N - the +3 pair of gauntlets of War (worn) {Slay+5}
   (You found it on level 4 of the Shoals)

   It affects your accuracy and damage with ranged weapons and melee attacks
   (+5).
 V - a +2 pair of boots of flying (worn)
 X - the +10 large shield of Ignorance (worn) {rN+ Int-4}
   (You took it off a deep elf mage on level 3 of the Elven Halls)

   It affects your intelligence (-4).
   It protects you from negative energy.
Jewellery
 l - the ring "Jooz" (right hand) {rElec rPois EV+1 Int+4 SInv}
   (You found it in the Desolation of Salt)

   [ring of evasion]

   It affects your evasion (+1).
   It affects your intelligence (+4).
   It insulates you from electricity.
   It protects you from poison.
   It lets you see invisible.
 m - a +3 amulet of reflection (around neck)
 D - the ring of Afattism (left hand) {rF+ rN+ Str+4 Dex+3 Slay-4}
   (You took it off a deep elf elementalist on level 3 of the Elven Halls)

   [ring of positive energy]

   It affects your strength (+4).
   It affects your dexterity (+3).
   It affects your accuracy and damage with ranged weapons and melee attacks
   (-4).
   It protects you from fire.
   It protects you from negative energy.
 J - an uncursed ring of protection from magic
 Z - the ring "Oti Omis" {rN+++ MP+9 Int+6 Dex-2}
   (You found it on level 4 of the Depths)

   [ring of magical power]

   It affects your intelligence (+6).
   It affects your dexterity (-2).
   It renders you almost immune to negative energy.
   It affects your magic capacity (+9).
Wands
 h - a wand of digging (20/24)
 n - a wand of scattershot (6/9)
 x - a wand of scattershot (3/9)
 y - a wand of digging (18/24)
 H - a wand of iceblast (4/15)
 P - a wand of scattershot (6/9)
Scrolls
 d - 6 scrolls of recharging
 e - 6 scrolls of teleportation
 o - 29 scrolls of remove curse
 q - 3 scrolls of enchant weapon
 t - 3 scrolls of magic mapping
 u - 9 scrolls of fear
 z - 5 scrolls of brand weapon
 C - 3 scrolls of fog
 Q - 2 scrolls of summoning
 S - 7 scrolls of enchant armour
 T - 3 scrolls of identify
Potions
 f - 3 potions of haste
 g - 2 potions of agility
 i - 2 potions of might
 s - 11 potions of flight
 w - 15 potions of curing
 E - 2 potions of invisibility
 I - 3 potions of mutation
 R - a potion of resistance
Miscellaneous
 j - a lightning rod (4/4)
 p - a fan of gales
 A - 2 phantom mirrors
 Y - a phial of floods
Comestibles
 b - 11 bread rations
 r - 38 royal jellies


   Skills:
 O Level 27 Fighting
 + Level 25.6 Long Blades
 - Level 16.3 Throwing
 - Level 18.2 Dodging
 - Level 25.0 Shields
 - Level 14.0 Evocations


You had 26 spell levels left.
You didn't know any spells.

Dungeon Overview and Level Annotations

Branches:
Dungeon (15/15)            Temple (0/1) D:5            Lair (6/6) D:9
 Shoals (4/4) Lair:4        Snake (4/4) Lair:2        Slime (5/5) Lair:5
    Orc (2/2) D:9             Elf (3/3) Orc:2        Vaults (5/5) D:13
  Crypt (0/3) Vaults:2     Depths (5/5) D:15           Hell (1/1)
    Zot (5/5) Depths:5
    Dis: Hell:1         Geh: Hell:1         Coc: Hell:1         Tar: Hell:1

Altars:
Ashenzari
Cheibriados
Dithmenos
Fedhas
Gozag
Kikubaaqudgha
Makhleb
Sif Muna
Trog
Uskayaw
Vehumet
Xom
Zin
The Shining One
Beogh
Jiyva
Lugonu

Shops:
D:7 (   Orc:2 [=*%:   Elf:1 ?   Elf:3 (}(:   Shoals:2 %   Shoals:3 ?[:
Vaults:5 :   Depths:1 (?[

Portals:
Hell: Depths:1 Depths:2 Depths:3 Depths:4 Depths:5
Abyss: Depths:4 Depths:5
Pandemonium: Depths:3 Depths:5
Ziggurat: Depths:1

Annotations:
D:8 ajx's ghost, novice MiBe
D:12 exclusion: orange crystal statue
Hell Geryon


Innate Abilities, Weirdness & Mutations

You can walk through water.
Your dull iron-grey scales are very hard. (AC +18)
You cannot fit into any form of body armour.
You can survive without breathing.
You are cold-blooded and may be slowed by cold attacks.
You have supernaturally acute eyesight. (SInv)
Your flesh is very heat resistant. (rF++)
Your natural rate of healing is unusually fast.
You are weak. (Str -2)
Potions are less effective at restoring your health.
You expend magic power (3 MP) to strengthen your wands.


Message History

The kobold shouts!
You slice the kobold!!
You kill the kobold!
Trog accepts your kill.
(D) Dungeon (T) Temple (L) Lair (A) Shoals (P) Snake Pit (M) Slime Pits (O) Orcish Mines (E) Elven Halls (V) Vaults (C) Crypt (U) Depths (H) Hell (Z) Zot
Where to? (Enter - D:1 @ (x,y), ? - help) Firepoink comes into view.
A Tzitzimitl comes into view.
The Tzitzimitl roars!
Firepoink gestures at you. You resist with some effort.
The Tzitzimitl calls on the powers of darkness!
Your body is wracked with pain!
A Brimstone Fiend comes into view.
You block Firepoink's attack.
There is a staircase leading out of the dungeon here.
You have escaped!

..........### #.....#
######......# #.....#
....#.......### #...).##
..............#####......#
#..)รท..######.##.#######.##
......## #......### #.(#######
#.##...# #.P...P..####.#......
#...##.# #..........##.#......
###....# #...@......##(#......
###### #...&......##).......
#############.P.1.P....###(.(.)..
.................................
#############.......1..###.......
###...###### ##...... #####
#....). #...... ##.#...


You could see Firepoink, a Tzitzimitl and a Brimstone Fiend.

Vanquished Creatures
  the Royal Jelly (Slime:5)
  3 orbs of fire
  2 juggernauts
  4 ancient liches (Zot:5)
  Bai Suzhen (Snake:3)
  3 Killer Klowns (Zot:5)
  2 curse toes
  A caustic shrike (Depths:4)
  Vashnia (Snake:3)
  Saint Roka (Snake:4)
  10 golden dragons
  Jory (Vaults:4)
  A pearl dragon (Depths:2)
  A hellephant (Abyss:1)
  4 electric golems
  Jorgrun (Elf:3)
  2 liches
  Asterion (Elf:3)
  12 tentacled monstrosities
  24 Orb Guardians
  4 quicksilver dragons
  3 deep elf blademasters (Elf:3)
  A deep elf master archer (Elf:3)
  11 titans
  27 acid blobs
  4 krakens
  3 sphinxes
  An Executioner (D:14)
  15 death cobs
  3 tentacled starspawn
  22 storm dragons
  13 shadow dragons
  Kirke (Lair:6)
  7 draconian monks
  10 tengu reavers
  Ilsuiw (Shoals:4)
  10 nagarajas
  8 azure jellies
  12 frost giants
  6 ghost moths
  5 draconian scorchers
  An orc warlord (Elf:3)
  11 fire giants
  A frost giant (shapeshifter) (Vaults:5)
  13 vault wardens
  7 deep elf sorcerers
  An emperor scorpion (shapeshifter) (Depths:2)
  5 iron dragons
  3 draconian knights
  Aizul (Snake:1)
  The ghost of tape the Carver, a journeyman DrFi of Nemelex Xobeh (Lair:6)
  11 deep elf elementalists
  Louise (Snake:1)
  2 draconian stormcallers
  7 draconian shifters
  6 draconian annihilators
  13 ironheart preservers
  3 spriggan defenders
  A juggernaut skeleton (Depths:4)
  A war gargoyle (Vaults:5)
  27 stone giants
  11 green draconians
  2 entropy weavers
  24 very ugly things
  11 vampire knights
  13 yellow draconians
  9 deep elf demonologists
  13 black draconians
  2 halazid warlocks (Desolation)
  15 white draconians
  16 red draconians
  18 purple draconians
  10 deep elf annihilators
  8 spark wasps
  A spark wasp (shapeshifter) (Vaults:3)
  A blizzard demon (D:7)
  9 merfolk javelineers
  10 deep elf death magi
  4 crystal guardians
  20 ettins
  A minotaur (shapeshifter) (Depths:3)
  A minotaur (Lab)
  12 merfolk impalers
  12 fire dragons
  6 death oozes
  20 yaktaur captains
  19 great orbs of eyes
  8 ice dragons
  8 deep elf high priests
  12 rakshasas
  30 vault guards
  12 hydras
  3 ragged hierophants (Desolation)
  A hell beast (D:15)
  A catoblepas (Shoals:3)
  6 peacekeepers (Desolation)
  An anaconda (shapeshifter) (Vaults:5)
  9 naga warriors
  5 servants of whispers (Desolation)
  10 spriggan air magi
  15 ogre magi
  4 merfolk avatars
  7 anacondas
  9 centaur warriors
  The ghost of Timinator the Earth Mage, a journeyman GrEE of Vehumet (D:11)
  An alligator (shapeshifter) (Depths:5)
  13 merfolk aquamancers
  A hell hog (Abyss:4)
  4 death knights
  3 satyrs
  40 two-headed ogres
  3 alligator snapping turtles (Shoals:3)
  13 tengu warriors
  17 deep troll earth magi
  23 dancing weapons
  3 orc high priests (Elf:3)
  2 vampire magi
  10 deep troll shamans
  A shock serpent (shapeshifter) (Depths:2)
  22 naga sharpshooters
  3 thrashing horrors (Abyss:3)
  6 death yaks
  A titan zombie (Depths:4)
  9 shock serpents
  13 spriggan berserkers
  23 deep elf knights
  4 iron trolls
  A titan skeleton (Depths:4)
  5 spriggans
  2 sixfirhies
  5 wretched stars
  14 hell knights
  2 shadow wraiths
  2 death drakes (Depths:5)
  2 unseen horrors
  25 sea snakes
  3 salamander mystics
  5 skeletal warriors
  7 deep elf archers
  11 glowing orange brains
  28 deep trolls
  3 flayed ghosts
  A glowing orange brain (shapeshifter) (Vaults:4)
  21 ironbrand convokers
  5 naga ritualists
  19 wizards
  18 orc knights
  8 necromancers
  5 phantasmal warriors
  An oklob plant (Lair:3)
  6 lindwurms
  A swamp dragon (shapeshifter) (Depths:2)
  15 harpies
  3 wolf spiders
  67 ugly things
  14 manticores
  A faun (shapeshifter) (Depths:2)
  5 shining eyes
  4 orc sorcerers
  20 salamanders
  68 deep elf magi
  9 cyclopes
  15 fauns
  34 moths of wrath
  4 worldbinders
  12 mana vipers
  3 centaur zombies
  3 elephants (Lair:6)
  Joseph (D:10)
  An elephant (shapeshifter) (Vaults:3)
  25 naga magi
  3 molten gargoyles (Desolation)
  9 water nymphs
  18 merfolk sirens
  5 guardian serpents
  A black mamba (shapeshifter) (Vaults:1)
  Psyche (D:10)
  An eye of devastation (shapeshifter) (Depths:2)
  8 eyes of devastation
  20 vault sentinels
  3 smoke demons
  3 gargoyles
  38 black mambas
  40 yaktaurs
  8 spiny frogs
  13 freezing wraiths
  2 rime drakes (shapeshifter)
  6 centaur skeletons
  9 rime drakes
  4 kobold demonologists (D:11)
  An ice devil (Zot:3)
  13 komodo dragons
  A redback zombie (D:15)
  An ancient zyme (Abyss:1)
  3 polar bears
  8 tengu conjurers
  A queen bee (D:11)
  8 trolls
  A polar bear (shapeshifter) (D:13)
  5 meliai (D:15)
  A wind drake (shapeshifter) (Depths:2)
  45 merfolk
  8 wind drakes
  10 large abominations
  40 saltlings (Desolation)
  A sphinx simulacrum (Depths:4)
  A hornet (shapeshifter) (Depths:1)
  11 hippogriffs
  A slime creature (shapeshifter) (Vaults:5)
  2 dream sheep (Shoals:3)
  8 hornets
  11 raiju
  18 blink frogs
  97 slime creatures
  8 snapping turtles
  2 dream sheep (shapeshifter)
  2 meliai zombies
  A snapping turtle (shapeshifter) (Vaults:5)
  A centaur simulacrum (D:15)
  2 flying skulls
  6 vampires
  A ynoxinul (Abyss:2)
  5 redbacks
  A spriggan (shapeshifter) (Vaults:2)
  4 shadows (D:14)
  4 wyverns
  2 elf simulacra
  Sigmund (D:2)
  11 air elementals
  23 water elementals
  A yak (shapeshifter) (Depths:5)
  3 hogs (Lair:6)
  A tarantella (Vaults:1)
  5 wraiths
  A steam dragon (shapeshifter) (Depths:2)
  2 neqoxecs
  A fire bat (shapeshifter) (Vaults:5)
  2 golden eyes (shapeshifter) (Depths:2)
  48 yaks
  2 yaktaur simulacra
  A hungry ghost (D:14)
  2 chaos spawn
  2 hogs (shapeshifter)
  A human (shapeshifter) (D:15)
  A basilisk (shapeshifter) (Vaults:2)
  A fire elemental (Elf:1)
  12 small abominations
  6 basilisks
  7 wargs
  61 nagas
  4 acid dragons
  4 vampire mosquitoes (D:15)
  A warg (shapeshifter) (Depths:2)
  A soldier ant (shapeshifter) (Depths:3)
  5 floating eyes
  2 hell hounds (D:9)
  5 porcupines
  20 water moccasins
  4 swamp drakes (Depths:5)
  9 ice beasts
  A black bear (D:10)
  29 orc warriors
  10 sky beasts
  3 hornet zombies
  A black bear (shapeshifter) (Elf:2)
  5 eyes of draining
  2 eyes of draining (shapeshifter)
  41 ogres
  5 phantoms
  8 boggarts
  18 centaurs
  5 wolves (Lair:1)
  27 crocodiles
  14 big kobolds
  15 bullfrogs
  2 gnoll sergeants
  3 earth elementals
  3 wyvern skeletons
  2 scorpions
  A hornet simulacrum (D:15)
  25 killer bees
  A killer bee (shapeshifter) (Vaults:5)
  11 wights
  5 electric eels
  8 howler monkeys
  A bullfrog zombie (D:8)
  11 crimson imps
  2 quasits (Abyss:2)
  9 hounds
  2 jellies
  A gnoll shaman (D:8)
  16 orc priests
  5 bullfrog skeletons
  14 orc wizards
  Terence (D:2)
  7 iguanas
  9 worker ants
  A killer bee zombie (D:9)
  A hound zombie (D:8)
  A hound skeleton (D:4)
  17 gnolls
  12 adders
  6 shadow imps
  A white imp (Depths:3)
  An ufetubus (Abyss:4)
  2 oozes
  An adder skeleton (D:6)
  A worm (D:9)
  2 dart slugs
  11 leopard geckos
  80 orcs
  4 giant cockroaches
  8 goblins
  4 hobgoblins
  12 jackals
  7 quokkas
  3 ball pythons
  8 bats
  A frilled lizard (shapeshifter) (Vaults:4)
  11 frilled lizards
  A jackal skeleton (D:6)
  33 kobolds
  A leopard gecko zombie (D:7)
  9 rats
  3 pillars of salt (Elf:2)
  2 plants
  A tentacle (Shoals:4)
2833 creatures vanquished.

Vanquished Creatures (collateral kills)
  An orb of fire (Zot:2)
  Margery (Depths:1)
  A golden dragon (Depths:5)
  Gastronok (Orc:1)
  A draconian monk (Depths:5)
  A shadow dragon (Depths:4)
  Donald (Snake:1)
  A stone giant (Depths:4)
  A halazid warlock (Desolation)
  A red draconian (Depths:5)
  A purple draconian (Depths:5)
  3 spark wasps
  A deep elf annihilator (Depths:4)
  A ragged hierophant (Desolation)
  An ice dragon (Depths:5)
  A servant of whispers (Desolation)
  A peacekeeper (Desolation)
  A rakshasa (Depths:5)
  A catoblepas (Lair:6)
  3 anacondas (Snake:3)
  3 tengu warriors
  A deep troll shaman (Depths:4)
  An alligator (Lair:6)
  2 hell hogs (Abyss:4)
  A deep troll earth mage (Depths:5)
  A shock serpent (Snake:3)
  2 naga sharpshooters
  A fire crab (Lair:6)
  3 hell knights
  The ghost of tschems the Chopper, a novice HuFi (D:5)
  2 naga ritualists
  2 deep trolls (Depths:5)
  A lindwurm (Depths:5)
  An orc knight (Orc:1)
  3 salamanders
  2 naga magi (Snake:2)
  3 black mambas (Snake:3)
  2 guardian serpents
  3 gargoyles (D:8)
  A rime drake (Lair:6)
  A meliai (D:15)
  A wind drake (Depths:5)
  8 saltlings (Desolation)
  2 hornets (D:9)
  2 slime creatures (Depths:1)
  A hippogriff (Lair:2)
  An air elemental (Depths:5)
  A hog (Lair:6)
  4 yaks (Lair:6)
  4 nagas
  A warg (Snake:4)
  A soldier ant (D:9)
  A water moccasin (D:9)
  4 orc warriors
  A sky beast (D:9)
  7 killer bees
  An orc wizard (Depths:5)
  2 orcs
  A plant (Lair:2)
104 creatures vanquished.

Vanquished Creatures (others)
  2 deep elf master archers (Elf:3)
  Polyphemus (Shoals:3)
  A draconian knight (Zot:5)
  A draconian stormcaller (Zot:3)
  A merfolk impaler (Shoals:4)
  2 merfolk javelineers
  4 yaktaur captains
  A ragged hierophant (Desolation)
  A servant of whispers (Desolation)
  A centaur warrior (Vaults:3)
  A satyr (Shoals:3)
  A merfolk aquamancer (Shoals:4)
  2 naga sharpshooters
  A deep elf knight (Elf:2)
  2 wizards
  4 deep elf archers
  4 deep elf magi
  2 fauns
  A salamander (Snake:1)
  A cyclops (D:14)
  2 moths of wrath (Zot:5)
  2 naga magi
  11 yaktaurs
  A merfolk (Shoals:3)
  A saltling (Desolation)
  A hippogriff (Shoals:2)
  An air elemental (Depths:5)
  A human (Lair:6)
  A naga (Snake:4)
  An orc warrior (Vaults:1)
  A boggart (Depths:3)
  10 centaurs
  An ogre (Vaults:5)
  A small abomination (Depths:3)
  A wight (D:15)
  An orc priest (Elf:3)
  A bush (Depths:5)
  18 fungi
  A pillar of salt (Elf:2)
  81 plants
  15 starspawn tentacles
  17 tentacles
204 creatures vanquished.

Grand Total: 3141 creatures vanquished

Notes
Turn   | Place    | Note
-------+----------+-------------------------------------------
     0 | D:1      | Toogi the Draconian Berserker began the quest for the Orb.
     0 | D:1      | Reached XP level 1. HP: 19/19 MP: 1/1
   176 | D:1      | Reached XP level 2. HP: 25/26 MP: 2/2
   907 | D:1      | Reached XP level 3. HP: 33/33 MP: 3/3
   980 | D:2      | Noticed Sigmund
   990 | D:2      | Noticed Terence
  1224 | D:2      | Reached ** piety under Trog
  1224 | D:2      | Reached skill level 4 in Fighting
  1269 | D:2      | Killed Terence
  1269 | D:2      | Reached XP level 4. HP: 40/40 MP: 4/4
  1503 | D:2      | Killed Sigmund
  1503 | D:2      | Reached XP level 5. HP: 47/47 MP: 5/5
  1873 | D:3      | Reached skill level 5 in Fighting
  1892 | D:3      | Reached XP level 6. HP: 39/56 MP: 6/6
  1981 | D:3      | Found a shattered altar of Ashenzari.
  2536 | D:3      | Found a deep blue altar of Sif Muna.
  2538 | D:3      | Found a hide-covered altar of Uskayaw.
  2538 | D:3      | Found a radiant altar of Vehumet.
  2540 | D:3      | Found a shimmering altar of Xom.
  2540 | D:3      | Found an opulent altar of Gozag.
  2540 | D:3      | Found an ancient bone altar of Kikubaaqudgha.
  3125 | D:4      | Found a shadowy altar of Dithmenos.
  3210 | D:4      | Reached skill level 1 in Throwing
  3211 | D:4      | Reached skill level 5 in Long Blades
  3582 | D:4      | Found a bloodstained altar of Trog.
  3782 | D:4      | Your scales start taking on a dull iron-grey colour.
  3782 | D:4      | Reached XP level 7. HP: 57/61 MP: 7/7
  3782 | D:4      | Gained mutation: You can survive without breathing. [Grey Draconian growth]
  3842 | D:5      | Entered Level 5 of the Dungeon
  3872 | D:5      | Found a blossoming altar of Fedhas.
  3881 | D:5      | Reached skill level 1 in Evocations
  3992 | D:5      | Noticed tschems's ghost (novice HuFi)
  4197 | D:5      | Found a snail-covered altar of Cheibriados.
  4335 | D:5      | Found a staircase to the Ecumenical Temple.
  4374 | D:5      | Reached *** piety under Trog
  4498 | D:5      | Reached skill level 5 in Dodging
  4505 | D:5      | Reached skill level 6 in Fighting
  4854 | D:5      | Reached XP level 8. HP: 68/70 MP: 9/9
  6536 | D:7      | Found an ancient bone altar of Kikubaaqudgha.
  6570 | D:7      | Reached skill level 7 in Fighting
  6618 | D:6      | Reached **** piety under Trog
  6850 | D:7      | Found a radiant altar of Vehumet.
  6852 | D:7      | Found a deep blue altar of Sif Muna.
  6857 | D:7      | Identified Vehumet's Volume of Confrontation
  6921 | D:7      | Found a glowing golden altar of the Shining One.
  6964 | D:7      | Reached XP level 9. HP: 73/79 MP: 12/12
  7296 | D:7      | Found Wuer Zij's Weapon Emporium.
  7668 | D:8      | Noticed a gargoyle
  7669 | D:8      | Noticed a gargoyle
  7677 | D:8      | Killed a gargoyle
  7684 | D:8      | Noticed a gargoyle
  7686 | D:8      | Killed a gargoyle
  7686 | D:8      | Reached skill level 8 in Fighting
  7695 | D:8      | Killed a gargoyle
  7696 | D:8      | Noticed a gargoyle
  7702 | D:8      | Killed a gargoyle
  7785 | D:8      | Noticed a gargoyle
  7789 | D:8      | Killed a gargoyle
  7986 | D:8      | Reached skill level 9 in Fighting
  8176 | D:8      | Noticed ajx's ghost (novice MiBe)
  8178 | D:8      | Reached XP level 10. HP: 91/91 MP: 13/13
  8308 | D:5      | HP: 2/91 [tschems's ghost (5)]
  8310 | D:5      | Killed tschems's ghost
  9254 | D:8      | Found a shimmering altar of Xom.
  9255 | D:8      | Found a burning altar of Makhleb.
  9750 | D:9      | Reached skill level 5 in Evocations
 10028 | D:9      | Gained mutation: You occasionally shout uncontrollably at your foes. [mutagenic meat]
 10029 | D:9      | Gained mutation: Your magical capacity is low. (-10% MP) [mutagenic meat]
 10030 | D:9      | Gained mutation: Scrolls take you a little longer to read. [mutagenic meat]
 10031 | D:9      | Lost mutation: Scrolls take you a little longer to read. [mutagenic meat]
 10032 | D:9      | Gained mutation: You are agile. (Dex +2) [mutagenic meat]
 10033 | D:9      | Gained mutation: Your spells are a little easier to cast, but a little less powerful. [mutagenic meat]
 10034 | D:9      | Lost mutation: Your spells are a little easier to cast, but a little less powerful. [potion of mutation]
 10034 | D:9      | Lost mutation: You are agile. (Dex +2) [potion of mutation]
 10034 | D:9      | Lost mutation: You occasionally shout uncontrollably at your foes. [potion of mutation]
 10034 | D:9      | Lost mutation: Your magical capacity is low. (-10% MP) [potion of mutation]
 10034 | D:9      | Gained mutation: You are robust. (+10% HP) [potion of mutation]
 10034 | D:9      | Gained mutation: Your flesh is cold resistant. (rC+) [potion of mutation]
 10056 | D:9      | Found a staircase to the Lair.
 10187 | D:9      | Found a staircase to the Orcish Mines.
 10191 | D:9      | Found a transporter.
 10196 | D:9      | Found a corrupted altar of Lugonu.
 10313 | D:9      | Found a glowing silver altar of Zin.
 10410 | D:9      | Reached skill level 10 in Fighting
 11063 | D:10     | Entered Level 10 of the Dungeon
 11218 | D:10     | Noticed a two-headed ogre
 11264 | D:10     | Killed a two-headed ogre
 11321 | D:10     | Noticed Joseph
 11327 | D:10     | Killed Joseph
 11399 | D:10     | Reached XP level 11. HP: 92/111 MP: 13/15
 12025 | D:10     | Reached skill level 10 in Long Blades
 12334 | D:10     | Noticed Psyche
 12356 | D:10     | Killed Psyche
 12454 | D:10     | Noticed a purple ugly thing
 12470 | D:10     | Killed a purple ugly thing
 12470 | D:10     | Reached skill level 11 in Fighting
 12470 | D:10     | Reached skill level 1 in Shields
 13612 | D:11     | Noticed a two-headed ogre
 13621 | D:11     | Killed a two-headed ogre
 14127 | Lair:1   | Entered Level 1 of the Lair of Beasts
 14489 | Lair:1   | Noticed a seven-headed hydra
 14510 | Lair:1   | Killed a seven-headed hydra
 14510 | Lair:1   | Reached skill level 10 in Dodging
 14547 | Lair:1   | Reached skill level 5 in Shields
 14554 | Lair:1   | Reached XP level 12. HP: 80/121 MP: 7/16
 14975 | Lair:1   | Reached ***** piety under Trog
 15415 | Lair:1   | Identified a scroll of acquirement
 15999 | Lair:2   | Found a staircase to the Snake Pit.
 16215 | Lair:2   | HP: 6/123 [poisoned by a black mamba]
 16223 | Lair:2   | HP: 6/123 [poisoned by a black mamba]
 16231 | Lair:2   | HP: 6/123 [poisoned by a black mamba]
 16669 | Lair:2   | Noticed a seven-headed hydra
 16681 | Lair:2   | Killed a seven-headed hydra
 16681 | Lair:2   | Reached skill level 12 in Fighting
 16876 | Lair:2   | Noticed a death yak
 16877 | Lair:2   | Noticed a death yak
 16883 | Lair:2   | Noticed an anaconda
 16883 | Lair:2   | Noticed an ice dragon
 16883 | Lair:2   | an anaconda changed into an ice dragon
 16884 | Lair:2   | Noticed a satyr
 16884 | Lair:2   | an ice dragon changed into a satyr
 17291 | Lair:2   | Killed a death yak
 17307 | Lair:2   | Killed a death yak
 17489 | Lair:2   | Noticed an eight-headed hydra
 17499 | Lair:2   | Killed an eight-headed hydra
 18036 | Orc:1    | Entered Level 1 of the Orcish Mines
 18051 | Orc:1    | Noticed a two-headed ogre
 18070 | Orc:1    | Killed a two-headed ogre
 18502 | Orc:1    | Noticed Gastronok
 18508 | Orc:1    | Killed Gastronok
 19118 | Orc:2    | Entered Level 2 of the Orcish Mines
 19225 | Orc:2    | Found a staircase to the Elven Halls.
 19247 | Orc:2    | Paralysed by an orc sorcerer for 4 turns
 19416 | Orc:2    | Reached XP level 13. HP: 77/130 MP: 12/19
 19680 | Orc:2    | Found Xexuraat's Antique Armour Shoppe.
 19838 | Orc:2    | Paralysed by an ogre mage for 4 turns
 19850 | Orc:2    | Reached skill level 13 in Fighting
 19930 | Orc:2    | Noticed an ettin
 19955 | Orc:2    | Killed an ettin
 20905 | Orc:2    | Found Otaesm's Food Shoppe.
 20905 | Orc:2    | Found Car Goal's Jewellery Shop.
 20908 | Orc:2    | Received a gift from Trog
 20913 | Orc:2    | Found Syppakh's Book Boutique.
 20913 | Orc:2    | Found Cokhupt's Assorted Antiques.
 21471 | D:7      | Bought the +3 sling "Punk" {acid, rCorr} for 781 gold pieces
 21873 | Lair:3   | Reached XP level 14. HP: 140/143 MP: 20/20
 22366 | Lair:3   | Found a hide-covered altar of Uskayaw.
 23916 | Lair:4   | Found a staircase to the Shoals.
 24530 | Lair:5   | Reached skill level 14 in Fighting
 24818 | Lair:5   | Found a staircase to the Slime Pits.
 24933 | Lair:5   | Reached skill level 10 in Shields
 25321 | Lair:6   | Entered Level 6 of the Lair of Beasts
 25321 | Lair:6   | Noticed tape's ghost (journeyman DrFi)
 25842 | Lair:6   | Killed tape's ghost
 26259 | Lair:6   | Noticed Kirke
 26273 | Lair:6   | Killed Kirke
 26273 | Lair:6   | Received a gift from Trog
 26415 | Lair:6   | Received a gift from Trog
 27298 | Lair:6   | Reached XP level 15. HP: 82/152 MP: 12/21
 27300 | Lair:6   | Reached skill level 5 in Throwing
 28019 | D:11     | Received a gift from Trog
 28041 | D:11     | Noticed Timinator's ghost (journeyman GrEE)
 28065 | D:11     | Killed Timinator's ghost
 28742 | D:12     | Found a labyrinth entrance.
 28749 | Lab      | Entered a labyrinth
 31247 | Lab      | Got a scintillating ivory ring
 31249 | Lab      | Identified the cursed ring of Lezoeram {rElec Dex-2} (You found it in a labyrinth)
 31842 | D:13     | Reached skill level 15 in Fighting
 32079 | D:13     | Found a gate to the Vaults.
 32294 | D:13     | Found a runed door.
 32294 | D:13     | Noticed a tengu reaver
 32294 | D:13     | Noticed a tengu reaver
 32322 | D:13     | Killed a tengu reaver
 32323 | D:13     | Killed a tengu reaver
 32334 | D:13     | Got a slimy triple sword
 32337 | D:13     | Identified the +7 triple sword of Mastery {pain, rC+ rN+ Str+3} (You found it on level 13 of the Dungeon)
 32971 | D:14     | Received a gift from Trog
 33061 | D:14     | Reached skill level 15 in Long Blades
 33061 | D:14     | Reached XP level 16. HP: 163/163 MP: 22/22
 33681 | D:15     | Entered Level 15 of the Dungeon
 34274 | D:15     | Received a gift from Trog
 34947 | D:15     | Cast into level 2 of the Abyss (a wizard)
 35249 | Abyss:2  | Noticed a tentacled starspawn
 35271 | Abyss:2  | Received a gift from Trog
 35327 | D:15     | Escaped the Abyss
 35359 | D:15     | Reached XP level 17. HP: 139/172 MP: 23/23
 35451 | D:15     | Found a staircase to the Depths.
 35537 | D:15     | Received a gift from Trog
 36048 | Orc:2    | Bought an uncursed ring of poison resistance for 280 gold pieces
 36176 | Snake:1  | Entered Level 1 of the Snake Pit
 36463 | Snake:1  | Noticed Donald
 36483 | Snake:1  | Killed Donald
 36894 | Snake:1  | Noticed Aizul
 36911 | Snake:1  | Killed Aizul
 36911 | Snake:1  | Reached skill level 16 in Fighting
 37489 | Snake:1  | Received a gift from Trog
 37641 | Snake:1  | Noticed Louise
 37660 | Snake:1  | Killed Louise
 37739 | Snake:1  | You fall through a shaft!
 40749 | Snake:3  | Noticed Bai Suzhen
 40760 | Snake:3  | Killed Bai Suzhen
 40774 | Snake:3  | Received a gift from Trog
 41659 | Snake:3  | Noticed Vashnia
 41712 | Snake:3  | Killed Vashnia
 41712 | Snake:3  | Reached skill level 17 in Fighting
 41722 | Snake:3  | Reached XP level 18. HP: 125/185 MP: 24/24
 42120 | Snake:3  | Received a gift from Trog
 43082 | Snake:4  | Entered Level 4 of the Snake Pit
 44340 | Snake:4  | Noticed Saint Roka
 44865 | Snake:4  | Received a gift from Trog
 44872 | Snake:4  | Killed Saint Roka
 45140 | Snake:4  | Reached skill level 18 in Fighting
 45357 | Snake:4  | Reached skill level 15 in Shields
 46611 | Snake:4  | Got a steaming lapis lazuli ring
 46612 | Snake:4  | Identified the ring of Brilliance {rPois Int+4 Stlth-} (You took it off a salamander on level 4 of the Snake Pit)
 46809 | Snake:4  | Got a serpentine rune of Zot
 47982 | Shoals:1 | Entered Level 1 of the Shoals
 48015 | Shoals:1 | Received a gift from Trog
 48690 | Shoals:1 | Reached XP level 19. HP: 198/198 MP: 25/25
 49508 | Shoals:1 | Reached ****** piety under Trog
 49951 | Shoals:2 | Received a gift from Trog
 50539 | Shoals:2 | Found Faniw's Food Boutique.
 50994 | Shoals:3 | Noticed Polyphemus
 51045 | Shoals:3 | Found Paneeth's Magic Scroll Shoppe.
 51877 | Shoals:3 | Received a gift from Trog
 52478 | Shoals:3 | Bought a scroll of fear for 45 gold pieces
 52478 | Shoals:3 | Bought a scroll of enchant armour for 97 gold pieces
 52478 | Shoals:3 | Bought a scroll of magic mapping for 45 gold pieces
 52478 | Shoals:3 | Bought a scroll of enchant armour for 97 gold pieces
 52521 | Shoals:3 | Reached skill level 19 in Fighting
 52543 | Shoals:3 | Found Nikig's Armour Boutique.
 52712 | Shoals:3 | Received a gift from Trog
 52742 | Shoals:3 | Found Qoodus's Book Shop.
 53111 | Shoals:3 | Killed Polyphemus
 53508 | Shoals:4 | Entered Level 4 of the Shoals
 53535 | Shoals:4 | Received a gift from Trog
 53926 | Shoals:4 | Got a blackened triple sword {god gift}
 53928 | Shoals:4 | Identified the +2 triple sword "Raix" {elec, *Rage rElec Dex+5 Stlth+} (Trog gifted it to you on level 4 of the Shoals)
 55378 | Shoals:4 | Noticed Ilsuiw
 55406 | Shoals:4 | Killed Ilsuiw
 55532 | Shoals:4 | Reached XP level 20. HP: 175/210 MP: 27/27
 55660 | Shoals:4 | Received a gift from Trog
 55666 | Shoals:4 | Got an ancient scimitar {god gift}
 55672 | Shoals:4 | Identified the +6 scimitar "Tamyroc" {flame, +Blink rElec Stlth+} (Trog gifted it to you on level 4 of the Shoals)
 56148 | Shoals:4 | Reached skill level 10 in Evocations
 56336 | Shoals:4 | Got a barnacled rune of Zot
 56590 | Shoals:4 | Reached skill level 15 in Dodging
 56893 | D:9      | Found a transporter.
 57132 | Depths:1 | Entered Level 1 of the Depths
 57212 | Depths:1 | Found Joylais's Weapon Emporium.
 57224 | Depths:1 | Found Kaigasamp's Magic Scroll Shoppe.
 57237 | Depths:1 | Found Xaywka's Armour Emporium.
 57344 | Depths:1 | Bought a scroll of teleportation for 60 gold pieces
 57344 | Depths:1 | Bought a scroll of magic mapping for 70 gold pieces
 57344 | Depths:1 | Bought a scroll of teleportation for 60 gold pieces
 57344 | Depths:1 | Bought a scroll of identify for 40 gold pieces
 57344 | Depths:1 | Bought a scroll of recharging for 190 gold pieces
 57344 | Depths:1 | Bought a scroll of teleportation for 60 gold pieces
 57344 | Depths:1 | Bought a scroll of enchant weapon for 150 gold pieces
 57439 | Depths:1 | Received a gift from Trog
 57960 | Depths:1 | Found a gateway to a ziggurat.
 58156 | Depths:1 | Noticed Margery
 58170 | Depths:1 | Received a gift from Trog
 58170 | Depths:1 | Reached skill level 10 in Throwing
 58179 | Depths:1 | Killed Margery
 58179 | Depths:1 | Reached skill level 20 in Fighting
 58201 | Depths:1 | Found a gateway to Hell.
 59928 | Depths:2 | Paralysed by a great orb of eyes for 4 turns
 60206 | Depths:2 | Received a gift from Trog
 61121 | Depths:2 | Noticed a golden dragon
 61134 | Depths:2 | Killed a golden dragon
 61134 | Depths:2 | Reached XP level 21. HP: 184/222 MP: 9/29
 62742 | Depths:2 | Received a gift from Trog
 63093 | Depths:2 | Paralysed by a floating eye for 3 turns
 63921 | Depths:2 | Found a runed door.
 63921 | Depths:2 | Found a runed door.
 63921 | Depths:2 | Noticed a juggernaut
 63935 | Depths:2 | Killed a juggernaut
 64012 | Depths:2 | Reached skill level 21 in Fighting
 64138 | Depths:2 | Found a burning altar of Makhleb.
 64811 | Depths:2 | Got a transparent buckler
 64812 | Depths:2 | Identified the +5 buckler of Mime {+Fly rN+ Dex+3} (You acquired it on level 2 of the Depths)
 65310 | Depths:3 | Received a gift from Trog
 66196 | Depths:3 | Found a one-way gate leading to the halls of Pandemonium.
 66493 | Depths:3 | Found a portal to a secret trove of treasure.
 66522 | Depths:3 | Received a gift from Trog
 66524 | Depths:3 | Reached XP level 22. HP: 234/234 MP: 10/31
 66708 | Depths:3 | Received a gift from Trog
 66758 | Depths:3 | Cast into level 4 of the Abyss (a lich)
 66982 | Abyss:4  | Found a corrupted altar of Lugonu.
 66987 | Depths:3 | Escaped the Abyss
 67593 | Depths:3 | Got a smoking lajatang
 67597 | Depths:3 | Identified the +7 lajatang of Didompedd {vamp, rF+} (You found it on level 3 of the Depths)
 67660 | Depths:4 | Got a fine glaive
 67662 | Depths:4 | Identified the +5 glaive of the Several Allies {venom, rC++ rN+} (You found it on level 4 of the Depths)
 67813 | Depths:4 | Noticed a golden dragon
 68333 | Depths:4 | Paralysed by a great orb of eyes for 4 turns
 69040 | Depths:4 | Found a one-way gate to the infinite horrors of the Abyss.
 69333 | Depths:4 | Received a gift from Trog
 69545 | Depths:5 | Entered Level 5 of the Depths
 69996 | Depths:5 | Paralysed by a floating eye for 2 turns
 70004 | Depths:4 | Paralysed by a floating eye for 4 turns
 71248 | Depths:5 | Received a gift from Trog
 71669 | Depths:5 | Received a gift from Trog
 71988 | Depths:5 | Reached skill level 22 in Fighting
 72013 | Depths:5 | Found a corrupted altar of Lugonu.
 72419 | Depths:5 | Noticed a golden dragon
 72425 | Depths:5 | Killed a golden dragon
 72425 | Depths:5 | Reached XP level 23. HP: 103/245 MP: 11/33
 73192 | Vaults:1 | Entered Level 1 of the Vaults
 73425 | Vaults:1 | Received a gift from Trog
 74290 | Vaults:1 | Paralysed by a great orb of eyes for 6 turns
 74821 | Vaults:1 | You fall through a shaft!
 74862 | Vaults:2 | Received a gift from Trog
 76221 | Vaults:2 | Received a gift from Trog
 76488 | Vaults:2 | Found a staircase to the Crypt.
 77684 | Vaults:3 | Received a gift from Trog
 78913 | Vaults:4 | Reached XP level 24. HP: 222/257 MP: 11/33
 78931 | Vaults:4 | Noticed Jory
 78953 | Vaults:4 | Killed Jory
 79502 | Vaults:4 | Received a gift from Trog
 80215 | Depths:4 | Got a transparent hunting sling
 80217 | Depths:4 | Identified the +9 hunting sling of Fate {freeze, rC++ Stlth+} (You took it off a tengu warrior on level 4 of the Depths)
 80513 | Depths:4 | Reached skill level 23 in Fighting
 80646 | Depths:4 | Reached skill level 15 in Throwing
 80963 | Depths:5 | Received a gift from Trog
 81137 | Depths:5 | Received a gift from Trog
 81664 | Depths:5 | Received a gift from Trog
 83943 | Depths:5 | Found a gate to the Realm of Zot.
 84912 | Depths:4 | Received a gift from Trog
 84916 | Depths:4 | Noticed a juggernaut
 84953 | Depths:4 | Killed a juggernaut
 85521 | Depths:4 | Received a gift from Trog
 85591 | Depths:4 | Reached skill level 24 in Fighting
 85761 | Depths:4 | Reached XP level 25. HP: 83/264 MP: 33/33
 86092 | Depths:4 | Got a sparkling amber ring
 86094 | Depths:4 | Identified the ring "Oti Omis" {rN+++ MP+9 Int+6 Dex-2} (You found it on level 4 of the Depths)
 86476 | Elf:1    | Entered Level 1 of the Elven Halls
 87207 | Elf:1    | Received a gift from Trog
 87602 | Elf:1    | Found Zingo's Magic Scroll Shop.
 87622 | Elf:1    | Bought a scroll of enchant weapon for 127 gold pieces
 87622 | Elf:1    | Bought a scroll of magic mapping for 59 gold pieces
 87622 | Elf:1    | Bought a scroll of identify for 34 gold pieces
 87622 | Elf:1    | Bought a scroll of enchant weapon for 127 gold pieces
 87823 | Elf:2    | Found a ruined gateway.
 87836 | Desolati | Entered the Desolation of Salt
 87868 | Desolati | Received a gift from Trog
 87934 | Desolati | Got a crude tin ring
 87935 | Desolati | Identified the ring "Jooz" {rElec rPois EV+1 Int+4 SInv} (You found it in the Desolation of Salt)
 87939 | Desolati | Got a faintly glowing tin ring
 87941 | Desolati | Identified the ring of the Meadowlark {rCorr rPois rN++ Dex-2 Slay+3} (You found it in the Desolation of Salt)
 88023 | Desolati | Received a gift from Trog
 88401 | Desolati | Got a flickering steel ring
 88459 | Desolati | Identified the ring of Fibyazuz {rPois Dex+4 SInv} (You took it off a servant of whispers in the Desolation of Salt)
 88466 | Desolati | Identified Lehudib's Papyrus of Earthen Battle Magic
 88624 | Desolati | Identified the Grimoire of Boosts
 88769 | Elf:2    | Found a runed gate.
 88770 | Elf:2    | Found a runed gate.
 88778 | Elf:2    | Found a runed gate.
 88818 | Elf:2    | Found a radiant altar of Vehumet.
 88941 | Elf:2    | Received a gift from Trog
 89605 | Elf:2    | Received a gift from Trog
 89985 | Elf:3    | Entered Level 3 of the Elven Halls
 90022 | Elf:3    | Found Biozakuo's Book Boutique.
 90032 | Elf:3    | Found Nessofepp's Gadget Shoppe.
 90062 | Elf:3    | Noticed Jorgrun
 90070 | Elf:3    | Killed Jorgrun
 90176 | Elf:3    | Found Etwom's Weapon Shop.
 90212 | Elf:3    | Noticed Asterion
 90241 | Elf:3    | Killed Asterion
 90573 | Elf:3    | Received a gift from Trog
 90630 | Elf:3    | Reached skill level 25 in Fighting
 90638 | Elf:3    | Got a transparent scimitar {god gift}
 90642 | Elf:3    | Identified the +10 scimitar of Sipih {flame, rPois Dex+4} (Trog gifted it to you on level 3 of the Elven Halls)
 90773 | Elf:3    | Got a transparent platinum ring
 90779 | Elf:3    | Identified the ring "Qameg" {*Slow +Fly Int+7 Stlth+} (You took it off a deep elf annihilator on level 3 of the Elven Halls)
 90865 | Elf:3    | Reached XP level 26. HP: 228/278 MP: 11/33
 91028 | Elf:3    | Got a brightly glowing amber ring
 91031 | Elf:3    | Identified the ring "Ybruug" {rElec rF- rC+ Int+2} (You took it off a deep elf elementalist on level 3 of the Elven Halls)
 91035 | Elf:3    | Got a translucent brass ring
 91138 | Elf:3    | Identified the ring of Afattism {rF+ rN+ Str+4 Dex+3 Slay-4} (You took it off a deep elf elementalist on level 3 of the Elven Halls)
 91143 | Elf:3    | Got a warped bone ring
 91145 | Elf:3    | Identified the ring "Zaecviag" {*Tele rC++ Dex+4} (You took it off a deep elf knight on level 3 of the Elven Halls)
 91300 | Elf:3    | Found a roughly hewn altar of Beogh.
 91532 | Elf:3    | Found Jireigin's Weapon Shoppe.
 91926 | Vaults:5 | Entered Level 5 of the Vaults
 92081 | Vaults:5 | Received a gift from Trog
 92257 | Vaults:5 | Received a gift from Trog
 92271 | Vaults:5 | Got a silver rune of Zot
 92469 | Vaults:5 | Received a gift from Trog
 92596 | Vaults:5 | Reached skill level 26 in Fighting
 93043 | Vaults:5 | Received a gift from Trog
 93902 | Vaults:5 | Received a gift from Trog
 93902 | Vaults:5 | Reached XP level 27. HP: 261/293 MP: 11/33
 94102 | Vaults:5 | Got a translucent granite ring
 94104 | Vaults:5 | Identified the ring of Butchery {*Tele rPois rF+ MP+9} (You took it off an ogre mage on level 5 of the Vaults)
 94107 | Vaults:5 | Got a wavering amethyst amulet
 94109 | Vaults:5 | Identified the amulet "Hiptylog" {Harm *Corrode *Drain rC+ Int+3 Stlth+} (You took it off an ironbrand convoker on level 5 of the Vaults)
 94158 | Vaults:5 | Received a gift from Trog
 94171 | Vaults:5 | Got a fine scimitar {god gift}
 94172 | Vaults:5 | Identified the +8 scimitar "Koigy" {freeze, Str-2 Int+4} (Trog gifted it to you on level 5 of the Vaults)
 94205 | Vaults:5 | Found Birar's Book Shop.
 94834 | Vaults:4 | Reached skill level 27 in Fighting
 95751 | Slime:1  | Entered Level 1 of the Pits of Slime
 95757 | Slime:1  | Gained mutation: Your body sometimes deteriorates upon taking damage. [a shining eye]
 95760 | Slime:1  | Gained mutation: You have large cloven feet. [a shining eye]
 95763 | Slime:1  | Gained mutation: You occasionally shout uncontrollably at your foes. [a shining eye]
 95924 | Slime:1  | Gained mutation: Your mind is acute. (Int +2) [a shining eye]
 95930 | Slime:1  | Gained mutation: You tend to lose your temper in combat. [a shining eye]
 96154 | Slime:2  | Lost mutation: You are robust. (+10% HP) [a shining eye]
 96156 | Slime:2  | Gained mutation: You are frail. (-10% HP) [a shining eye]
 96856 | Slime:3  | Received a gift from Trog
 97453 | Slime:5  | Entered Level 5 of the Pits of Slime
 97566 | Slime:5  | Gained mutation: You are very frail. (-20% HP) [a shining eye]
 97567 | Slime:5  | Gained mutation: You are extremely frail. (-30% HP) [a shining eye]
 97568 | Slime:5  | Gained mutation: You are occasionally teleported next to monsters. [a shining eye]
 97616 | Slime:4  | Lost mutation: You are extremely frail. (-30% HP) [potion of mutation]
 97616 | Slime:4  | Lost mutation: Your body sometimes deteriorates upon taking damage. [potion of mutation]
 97616 | Slime:4  | Lost mutation: You tend to lose your temper in combat. [potion of mutation]
 97616 | Slime:4  | Lost mutation: You occasionally shout uncontrollably at your foes. [potion of mutation]
 97616 | Slime:4  | Lost mutation: Your flesh is cold resistant. (rC+) [potion of mutation]
 97616 | Slime:4  | Lost mutation: You are very frail. (-20% HP) [potion of mutation]
 97616 | Slime:4  | Gained mutation: Your flesh is cold resistant. (rC+) [potion of mutation]
 97616 | Slime:4  | Gained mutation: Your spells are a little harder to cast, but a little more powerful. [potion of mutation]
 97617 | Slime:4  | Lost mutation: Your spells are a little harder to cast, but a little more powerful. [potion of mutation]
 97617 | Slime:4  | Lost mutation: You have large cloven feet. [potion of mutation]
 97617 | Slime:4  | Lost mutation: You are frail. (-10% HP) [potion of mutation]
 97617 | Slime:4  | Lost mutation: Your flesh is cold resistant. (rC+) [potion of mutation]
 97617 | Slime:4  | Lost mutation: You are occasionally teleported next to monsters. [potion of mutation]
 97617 | Slime:4  | Gained mutation: Your spells are a little harder to cast, but a little more powerful. [potion of mutation]
 97617 | Slime:4  | Gained mutation: You are covered in fur. (AC +1) [potion of mutation]
 98180 | Slime:5  | Received a gift from Trog
 98584 | Slime:5  | Found a viscous altar of Jiyva.
 98584 | Slime:5  | Noticed the Royal Jelly
 98605 | Slime:5  | Killed the Royal Jelly
 99110 | Slime:5  | Got a warped buckler
 99111 | Slime:5  | Identified the cursed +0 buckler of Indomitability {+Inv} (You found it on level 5 of the Pits of Slime)
 99151 | Slime:5  | Got a coiled copper ring
 99153 | Slime:5  | Identified the ring "Xosmer" {rPois Dex+4} (You found it on level 5 of the Pits of Slime)
 99190 | Slime:5  | Got a slimy rune of Zot
 99490 | Slime:2  | Gained mutation: You are occasionally teleported next to monsters. [a shining eye]
100074 | Hell     | Entered the Vestibule of Hell
100074 | Hell     | Noticed Geryon
100178 | Depths:4 | Voluntarily entered the Abyss.
100317 | Abyss:1  | Received a gift from Trog
100543 | Abyss:1  | Found a basalt altar of Yredelemnul.
100844 | Depths:4 | Escaped the Abyss
101053 | Zot:1    | Entered Level 1 of the Realm of Zot
101053 | Zot:1    | Noticed an orb of fire
101798 | Depths:5 | Voluntarily entered the Abyss.
101815 | Abyss:3  | Found a corrupted altar of Lugonu.
101957 | Abyss:3  | Gained mutation: You do not regenerate when monsters are visible. [a neqoxec]
101958 | Abyss:3  | Gained mutation: You are frail. (-10% HP) [a neqoxec]
102083 | Abyss:3  | Paralysed by accursed screaming for 2 turns
102477 | Depths:5 | Escaped the Abyss
102752 | Depths:5 | Lost mutation: You are frail. (-10% HP) [potion of mutation]
102752 | Depths:5 | Lost mutation: Your spells are a little harder to cast, but a little more powerful. [potion of mutation]
102752 | Depths:5 | Gained mutation: You occasionally shout uncontrollably at your foes. [potion of mutation]
102752 | Depths:5 | Gained mutation: You have sharp fingernails. [potion of mutation]
102752 | Depths:5 | Gained mutation: Your system is resistant to poisons. (rPois) [potion of mutation]
102753 | Depths:5 | Lost mutation: You do not regenerate when monsters are visible. [potion of mutation]
102753 | Depths:5 | Lost mutation: You have sharp fingernails. [potion of mutation]
102753 | Depths:5 | Lost mutation: You are covered in fur. (AC +1) [potion of mutation]
102753 | Depths:5 | Lost mutation: Your system is resistant to poisons. (rPois) [potion of mutation]
102753 | Depths:5 | Gained mutation: You are clumsy. (Dex -2) [potion of mutation]
102753 | Depths:5 | Gained mutation: You have supernaturally acute eyesight. (SInv) [potion of mutation]
102753 | Depths:5 | Lost mutation: You are clumsy. (Dex -2) [potion of mutation]
102753 | Depths:5 | Gained mutation: You have an increased reservoir of magic. (+10% MP) [potion of mutation]
102804 | Depths:5 | Voluntarily entered the Abyss.
102827 | Abyss:2  | Found a corrupted altar of Lugonu.
102828 | Abyss:2  | Found a hide-covered altar of Uskayaw.
102857 | Abyss:2  | Received a gift from Trog
103053 | Depths:5 | Escaped the Abyss
103114 | Depths:5 | Lost mutation: You occasionally shout uncontrollably at your foes. [an orb of fire]
103115 | Depths:5 | Gained mutation: Your spells are much easier to cast, but much less powerful. [an orb of fire]
103118 | Depths:5 | Killed an orb of fire
105433 | Zot:2    | Noticed an orb of fire
105433 | Zot:2    | Gained mutation: You are frail. (-10% HP) [an orb of fire]
105438 | Zot:2    | Gained mutation: You are very frail. (-20% HP) [an orb of fire]
105439 | Zot:2    | Gained mutation: Your flesh is heat resistant. (rF+) [an orb of fire]
105442 | Zot:2    | Gained mutation: Potions are less effective at restoring your health. [an orb of fire]
105442 | Zot:2    | Killed an orb of fire
105458 | Zot:2    | Lost mutation: You are very frail. (-20% HP) [potion of mutation]
105458 | Zot:2    | Gained mutation: Your muscles are strong. (Str +2) [potion of mutation]
105458 | Zot:2    | Gained mutation: Your mind is very acute. (Int +4) [potion of mutation]
105459 | Zot:2    | Lost mutation: You are frail. (-10% HP) [potion of mutation]
105459 | Zot:2    | Lost mutation: Your mind is very acute. (Int +4) [potion of mutation]
105459 | Zot:2    | Lost mutation: Your muscles are strong. (Str +2) [potion of mutation]
105459 | Zot:2    | Lost mutation: Your spells are a little easier to cast, but a little less powerful. [potion of mutation]
105459 | Zot:2    | Gained mutation: Your body sometimes deteriorates upon taking damage. [potion of mutation]
105459 | Zot:2    | Gained mutation: Your natural rate of healing is unusually fast. [potion of mutation]
105569 | Zot:2    | Received a gift from Trog
105953 | Zot:2    | Received a gift from Trog
107868 | Zot:4    | Received a gift from Trog
108762 | Zot:5    | Entered Level 5 of the Realm of Zot
109008 | Zot:5    | Noticed an ancient lich
109021 | Zot:5    | Killed an ancient lich
109078 | Zot:5    | Noticed an ancient lich
109107 | Zot:5    | Killed an ancient lich
109198 | Zot:5    | Noticed an orb of fire
109244 | Zot:5    | Killed an orb of fire
109467 | Zot:5    | Noticed an orb of fire
109478 | Zot:5    | Noticed an ancient lich
109498 | Zot:5    | Killed an ancient lich
109501 | Zot:5    | Lost mutation: Your mind is acute. (Int +2) [an orb of fire]
109521 | Zot:5    | Noticed an orb of fire
109522 | Zot:5    | HP: 2/273 [orb of fire/bolt of fire (33)]
110007 | Zot:5    | Noticed an orb of fire
110044 | Zot:5    | Gained mutation: You are frail. (-10% HP) [an orb of fire]
110048 | Zot:5    | Gained mutation: You are very frail. (-20% HP) [an orb of fire]
110064 | Zot:5    | Gained mutation: Your flesh is very heat resistant. (rF++) [an orb of fire]
110084 | Zot:5    | Gained mutation: You are extremely frail. (-30% HP) [an orb of fire]
110275 | Zot:5    | Noticed an ancient lich
110357 | Zot:5    | Killed an ancient lich
110460 | Zot:5    | Received a gift from Trog
110534 | Zot:5    | Killed an orb of fire
110537 | Zot:5    | Lost mutation: Your body sometimes deteriorates upon taking damage. [potion of mutation]
110537 | Zot:5    | Lost mutation: You have supernaturally acute eyesight. (SInv) [potion of mutation]
110537 | Zot:5    | Lost mutation: You are occasionally teleported next to monsters. [potion of mutation]
110537 | Zot:5    | Gained mutation: You possess an exceptional clarity of mind. [potion of mutation]
110537 | Zot:5    | Gained mutation: Your mind is acute. (Int +2) [potion of mutation]
110552 | Zot:5    | Lost mutation: Your mind is acute. (Int +2) [potion of mutation]
110552 | Zot:5    | Lost mutation: You possess an exceptional clarity of mind. [potion of mutation]
110552 | Zot:5    | Lost mutation: Your natural rate of healing is unusually fast. [potion of mutation]
110552 | Zot:5    | Lost mutation: You are extremely frail. (-30% HP) [potion of mutation]
110552 | Zot:5    | Lost mutation: You are very frail. (-20% HP) [potion of mutation]
110552 | Zot:5    | Gained mutation: You tend to lose your temper in combat. [potion of mutation]
110552 | Zot:5    | Gained mutation: You expend magic power (3 MP) to strengthen your wands. [potion of mutation]
110552 | Zot:5    | Gained mutation: You have supernaturally acute eyesight. (SInv) [potion of mutation]
110553 | Zot:5    | Lost mutation: You tend to lose your temper in combat. [potion of mutation]
110553 | Zot:5    | Lost mutation: You are frail. (-10% HP) [potion of mutation]
110553 | Zot:5    | Lost mutation: Your flesh is very heat resistant. (rF++) [potion of mutation]
110553 | Zot:5    | Lost mutation: You have an increased reservoir of magic. (+10% MP) [potion of mutation]
110553 | Zot:5    | Gained mutation: Your flesh is very heat resistant. (rF++) [potion of mutation]
110553 | Zot:5    | Gained mutation: Your natural rate of healing is unusually fast. [potion of mutation]
111044 | Zot:5    | Received a gift from Trog
111087 | Zot:5    | Got the Orb of Zot
111144 | Zot:3    | Noticed an orb of fire
111150 | Zot:3    | Gained mutation: You are weak. (Str -2) [an orb of fire]
111297 | Depths:1 | Noticed Puklann the pandemonium lord
111727 | D:1      | Noticed Firepoink the pandemonium lord
111735 | D:$      | Escaped with the Orb!

Skill      XL: |  1  2  3  4  5  6  7  8  9 10 11 12 13 14 15 16 17 18 19 20 21 22 23 24 25 26 27 |
---------------+----------------------------------------------------------------------------------+-----
Dodging        | 3 4 5 6 7 9 10 11 13 14 15 16 17 18 | 18.2
Fighting       | 4 5 6 7 9 10 11 12 13 14 15 17 18 19 20 21 22 24 25 26 27 | 27.0
Long Blades    | 4 5 6 8 9 10 11 12 13 15 16 17 18 19 20 21 25 | 25.6
Throwing       | 1 4 6 9 11 12 13 14 16 | 16.3
Evocations     | 2 4 5 6 8 9 11 13 14 | 14.0
Shields        | 5 7 9 10 11 12 13 15 18 25 | 25.0

Action                   |  1- 3 |  4- 6 |  7- 9 | 10-12 | 13-15 | 16-18 | 19-21 | 22-24 | 25-27 || total
-------------------------+-------+-------+-------+-------+-------+-------+-------+-------+-------++-------
Melee: Falchion          |    84 |   157 |   340 |  1164 |    95 |       |       |       |       ||  1840
       Tailslap          |    16 |    26 |    73 |   305 |   233 |   264 |   365 |   612 |  1099 ||  2993
       Long sword        |       |       |       |       |   149 |       |       |       |       ||   149
       Double sword      |       |       |       |       |   683 |  1171 |   778 |  1164 |  1607 ||  5403
       Fustibalus        |       |       |       |       |       |     1 |     1 |       |       ||     2
       Scimitar          |       |       |       |       |       |       |   345 |   407 |     7 ||   759
       Demon blade       |       |       |       |       |       |       |   260 |   497 |  1993 ||  2750
 Fire: Blowgun           |       |    12 |       |       |       |       |     4 |       |       ||    16
       Fustibalus        |       |       |       |       |   298 |   511 |   773 |   364 |   186 ||  2132
       Hunting sling     |       |       |       |       |       |       |       |     7 |       ||     7
Throw: Tomahawk          |       |       |       |     2 |     4 |       |       |       |       ||     6
       Javelin           |       |       |       |       |       |    13 |    30 |    22 |   251 ||   316
Invok: Berserk           |     5 |     6 |    11 |    15 |     9 |     1 |     6 |       |     2 ||    55
       Trog's Hand       |       |     1 |       |     1 |       |       |     1 |     1 |     6 ||    10
       Brothers in Arms  |       |       |     2 |    10 |     6 |    11 |     3 |    11 |    13 ||    56
       Burn Spellbooks   |       |       |       |     3 |       |       |       |       |       ||     3
 Abil: Stop Flying       |       |       |       |       |       |       |       |       |     2 ||     2
       Evoke Flight      |       |       |       |       |       |       |       |       |     1 ||     1
Evoke: Wand              |       |       |       |    62 |     8 |     2 |     4 |    13 |     9 ||    98
       Lightning rod     |       |       |       |     8 |    12 |    11 |     1 |     4 |     8 ||    44
       Phantom mirror    |       |       |       |       |       |       |       |       |     2 ||     2
  Use: Scroll            |       |    10 |     9 |    19 |     9 |     6 |    24 |    13 |    52 ||   142
       Potion            |       |       |       |     2 |     1 |     2 |     1 |     5 |    30 ||    41
 Stab: Sleeping          |       |     1 |     1 |     1 |     1 |       |     2 |     4 |     3 ||    13
       Distracted        |       |       |     2 |     1 |     1 |     2 |       |     6 |     3 ||    15
       Confused          |       |       |       |       |       |       |       |     2 |       ||     2
  Eat: Chunk             |     5 |    14 |    21 |    49 |    43 |    20 |    49 |    27 |    49 ||   277
       Meat ration       |       |       |     1 |     1 |       |     6 |     3 |     3 |       ||    14
       Fruit             |       |       |       |     8 |    15 |     4 |     3 |     5 |     3 ||    38
       Bread ration      |       |       |       |       |       |       |       |     5 |    10 ||    15
Armor: Skin              |    23 |    52 |    87 |   251 |   170 |   204 |   282 |   421 |   448 ||  1938
Dodge: Dodged            |    52 |   124 |   265 |   829 |   527 |   590 |   816 |  1441 |  1575 ||  6219
Block: Shield            |       |       |       |   238 |   563 |   967 |  1086 |       |       ||  2854
       Reflection        |       |       |       |       |     3 |   148 |   169 |    70 |   152 ||   542
       Buckler           |       |       |       |       |       |       |    63 |  1560 |   321 ||  1944
       Large shield      |       |       |       |       |       |       |       |       |  3871 ||  3871
       Rpst.: Falchion   |    13 |    40 |    89 |   236 |     7 |       |       |       |       ||   385
       Double sword      |       |       |       |       |   106 |    93 |    86 |   125 |   120 ||   530
       Long sword        |       |       |       |       |     7 |       |       |       |       ||     7
       Scimitar          |       |       |       |       |       |       |    34 |    52 |       ||    86
       Demon blade       |       |       |       |       |       |       |    16 |    50 |   145 ||   211
